 Dungeon Crawl Stone Soup version 0.29.0-4-gdea44cf6ec (webtiles) character file.

Game seed: 4742809399820807145

39 qw the Chopper (level 3, -1/21 HPs)
             Began as a Tengu Warper on Aug 28, 2022.
             Slain by a goblin
             ... wielding a +0 club
             ... led by Robin
              (2 damage)
             ... on level 2 of the Dungeon.
             The game lasted 00:00:07 (2350 turns).

qw the Chopper (Tengu Warper)                       Turns: 2350, Time: 00:00:07

Health: -1/21      AC:  3    Str: 13    XL:     3   Next: 47%
Magic:  7/7        EV: 12    Int: 13    God:
Gold:   53         SH:  0    Dex: 13    Spells: 6/6 levels left

rFire   . . .      SeeInvis .   a - +0 hand axe
rCold   . . .      Faith    .   (no shield)
rNeg    . . .      Spirit   .   b - +0 leather armour
rPois   .          Reflect  .   (helmet restricted)
rElec   .          Harm     .   (no cloak)
rCorr   .          Rampage  .   (no gloves)
Will    .....                   (boots unavailable)
Stlth   +.........              (no amulet)
HPRegen 0.07/turn               (no ring)
MPRegen 0.10/turn               (no ring)

@: no status effects
A: beak, talons 3
a: no special abilities


You were on level 2 of the Dungeon.
You visited 1 branch of the dungeon, and saw 2 of its levels.

You collected 53 gold pieces.


Innate Abilities, Weirdness & Mutations

You have a beak for a mouth.
You have claws for feet.


   Skills:
 - Level 2.0 Fighting
 + Level 4.2 Axes
 - Level 1.0 Throwing
 - Level 1.1 Armour
 - Level 2.1 Dodging
 - Level 2.0 Spellcasting
 - Level 2.4 Translocations


You had 6 spell levels left.
You didn't know any spells.
Your spell library contained the following spells:

 Spells                   Type           Power      Damage    Failure   Level
 Blink                    Tloc           14%        N/A       19%         2
 Gell's Gravitas          Tloc           7%         N/A       36%         3
 Lesser Beckoning         Tloc           7%         N/A       36%         3
 Teleport Other           Tloc           7%         N/A       36%         3
 Manifold Assault         Tloc           7%         N/A       98%         5

Inventory:

Hand Weapons
 a - a +0 hand axe (weapon)
 g - a +0 whip
Armour
 b - a +0 leather armour (worn)
Potions
 c - a potion of lignification {unknown}
 d - a potion of attraction {unknown}
 e - a potion of curing

Dungeon Overview and Level Annotations

Branches:
Dungeon (2/15)

Altars:

Annotations:
D:2 Robin


Message History

The goblin hits you with a +0 dagger. The goblin hits you but does no damage.
You hit the goblin.
You kill the goblin!
You hit the goblin. The goblin hits you with a +0 club.
You closely miss the goblin.
The goblin is almost dead.
You miss the goblin. You claw the goblin.
You kill the goblin!
You hit the hobgoblin but do no damage. The hobgoblin hits you.
You closely miss the hobgoblin. The hobgoblin barely misses you.
You hit the hobgoblin.
The hobgoblin is almost dead.
You barely miss the hobgoblin. The hobgoblin misses you.
The hobgoblin closely misses you.
You hit the hobgoblin.
You kill the hobgoblin!
You closely miss the hobgoblin. The hobgoblin misses you.
You closely miss the goblin. You punch the goblin.
The goblin is moderately wounded.
You hit the hobgoblin. You barely miss the hobgoblin. The goblin misses you.
The hobgoblin closely misses you. The hobgoblin barely misses you.
You barely miss the hobgoblin. Your kick misses the hobgoblin.
The hobgoblin is heavily wounded.
You completely miss the goblin. You hit the hobgoblin.
The goblin closely misses you. The hobgoblin hits you. x2
The goblin hits you with a +0 club. The hobgoblin hits you. x2
You barely miss the hobgoblin. Your kick misses the hobgoblin.
The hobgoblin is heavily wounded.
You closely miss the goblin. You hit the hobgoblin.
The hobgoblin barely misses you. The goblin misses you. The hobgoblin hits you.
You closely miss the hobgoblin. You claw the hobgoblin.
You kill the hobgoblin!
You completely miss the hobgoblin. You hit the goblin. The hobgoblin hits you.
The goblin hits you with a +0 club.
You die... .gg

#....<.. ..g #.######
g. #.# .. #.# #. #%#
#. #.# ######.## #.#
.......g##########.##
####...)@...........#
###.g##########..#####
#...................
##############.####.
##...###. ##.###.##.
####.## ##.#. #....#
#... #.##.## ##.##


You could see a hobgoblin and a goblin.

Vanquished Creatures
  A worm (D:2)
  A dart slug (D:1)
  2 ball pythons (D:1)
  4 endoplasms (D:1)
  7 goblins
  6 hobgoblins
  A quokka (D:1)
  3 bats
  3 frilled lizards (D:1)
  4 kobolds (D:1)
  A rat (D:2)
33 creatures vanquished.

Notes
Turn   | Place    | Note
-------+----------+-------------------------------------------
     0 | D:1      | qw the Tengu Warper began the quest for the Orb.
     0 | D:1      | Reached XP level 1. HP: 12/12 MP: 4/4
     0 | D:1      | 0 ||| qw: Version: 0.1-a-89-g26bdef1
     0 | D:1      | 0 ||| qw: Game counter: 1063
     0 | D:1      | 0 ||| qw: Always use a shield: true
     0 | D:1      | 0 ||| qw: God list: Okawaru
     0 | D:1      | 0 ||| qw: Allow faded altars: false
     0 | D:1      | 0 ||| qw: Do Orc after D:15 true
     0 | D:1      | 0 ||| qw: Do second Lair branch before Depths: true
     0 | D:1      | 0 ||| qw: Lair rune preference: random
     0 | D:1      | 0 ||| qw: Plans: Normal
     0 | D:1      | 0 ||| PLANNING D:1-11
   387 | D:1      | 387 ||| Stepping ~*~*~tactically~*~*~ (stealth).
   390 | D:1      | Reached XP level 2. HP: 17/17 MP: 6/6
   391 | D:1      | 391 ||| Stepping ~*~*~tactically~*~*~ (stealth).
   398 | D:1      | Reached skill level 3 in Axes
   547 | D:1      | 547 ||| Stepping ~*~*~tactically~*~*~ (stealth).
   692 | D:1      | 692 ||| DROPPING +0 club.
   878 | D:1      | Found a faded altar of an unknown god.
  1467 | D:1      | 1467 ||| Stepping ~*~*~tactically~*~*~ (hiding).
  1569 | D:1      | 1569 ||| Stepping ~*~*~tactically~*~*~ (hiding).
  1671 | D:1      | 1671 ||| Stepping ~*~*~tactically~*~*~ (hiding).
  1773 | D:1      | 1773 ||| Stepping ~*~*~tactically~*~*~ (hiding).
  1875 | D:1      | 1875 ||| Stepping ~*~*~tactically~*~*~ (hiding).
  1884 | D:1      | Reached XP level 3. HP: 21/21 MP: 7/7
  1997 | D:1      | 1997 ||| DRINKING 2 sedimented inky potions.
  1998 | D:1      | 1998 ||| DRINKING 3 bubbling puce potions.
  1999 | D:1      | 1999 ||| DROPPING scroll of blinking.
  2000 | D:1      | 2000 ||| DROPPING 2 potions of brilliance.
  2042 | D:2      | 2042 ||| STAIRDANCE
  2167 | D:2      | Reached skill level 4 in Axes
  2331 | D:2      | 2331 ||| Stepping ~*~*~tactically~*~*~ (stealth).
  2332 | D:2      | Noticed Robin
  2333 | D:2      | 2333 ||| Stepping ~*~*~tactically~*~*~ (stealth).
  2348 | D:2      | HP: 5/21 [hobgoblin[Robin] (1)]
  2349 | D:2      | HP: 2/21 [hobgoblin[Robin] (3)]
  2350 | D:2      | Slain by a goblin

Levels and vault maps discovered:
D:1:      nicolae_arrival_somewhat_less_tricky_arrival, layout_basic,
          ebering_ecumenical_altar_box, hangedman_abyss_or_decor_stabs,
          st_stairs_2
D:2:      layout_loops_ring, st_stairs_10, roderic_lattice_a, uniq_robin,
          uniq_sigmund, uniq_natasha

Skill      XL: |  1  2  3 |
---------------+----------+-----
Axes           | 3 4 |  4.2
Fighting       | |  2.0
Throwing       | |  1.0
Armour         | |  1.1
Dodging        | |  2.1
Spellcasting   | |  2.0
Translocations | |  2.4

Action                   || total
-------------------------++-------
Melee: Hand axe          ||    65
       Kick              ||    14
       Peck              ||     7
       Punch             ||     1
Throw: Boomerang         ||     7
  Use: Potion            ||     2
Armor: Leather armour    ||    11
Dodge: Dodged            ||    30

Table legend:
 A = Non-vault XP
 B = Vault XP
 C = Vault XP percentage of total XP
 D = Non-vault monster count
 E = Vault monster count
 F = Vault count percentage of total count
                 A         B        C        D         E       F
            +---------+---------+-------+---------+---------+-------
      Total |      42 |      17 |  28.8 |      23 |      10 |  30.3
            +---------+---------+-------+---------+---------+-------
        D:1 |      33 |       5 |  13.2 |      19 |       4 |  17.4
        D:2 |       9 |      12 |  57.1 |       4 |       6 |  60.0
            +---------+---------+-------+---------+---------+-------
